[Event "8th RTU Open 2018"]
[Site "Riga"]
[Date "2018.08.12"]
[Round "9"]
[White "Chibukhchyan, Erik"]
[Black "Sirosh, Ilja"]
[Result "0-1"]
[ECO "C77"]
[WhiteElo "2214"]
[BlackElo "2372"]
[Annotator "NA"]
[PlyCount "54"]
[EventDate "2018.08.06"]
[EventType "swiss"]
[EventCountry "LAT"]
[SourceTitle "playchess.com"]
[Source "ChessBase"]
[SourceQuality "1"]
[TimeControl "5400+30"]

1. e4 e5 2. Nf3 Nc6 3. Bb5 a6 4. Ba4 Nf6 5. Bxc6 dxc6 6. d3 Bd6 7. Nbd2 O-O 8. O-O Nd7 9. b3 Nc5 10. Bb2 f6 11. Nh4 g6 12. Nhf3 Ne6 13. Nc4 c5 14. c3 b5 15. Nxd6 cxd6 16. d4 Qe7 17. d5 Nf4 18. Bc1 g5 19. Bxf4 gxf4 20. Nd2 Kh8 21. Qh5 Rg8 22. f3 Rg5 23. Qh4 Qg7 24. Rf2 Bd7 25. Kh1 Rg8 26. Rg1 Rg6 27. Re2 Rh6 0-1

[Event "8th RTU Open 2018"]
[Site "Riga"]
[Date "2018.08.12"]
[Round "9"]
[White "Holland, James P"]
[Black "Shishkov, Andrei"]
[Result "0-1"]
[ECO "B90"]
[WhiteElo "2212"]
[BlackElo "2370"]
[Annotator "NA"]
[PlyCount "70"]
[EventDate "2018.08.06"]
[EventType "swiss"]
[EventCountry "LAT"]
[SourceTitle "playchess.com"]
[Source "ChessBase"]
[SourceQuality "1"]
[TimeControl "5400+30"]

1. e4 c5 2. Nf3 d6 3. d4 cxd4 4. Nxd4 Nf6 5. Nc3 a6 6. Bc4 e6 7. Bb3 Nbd7 8. f4 Nc5 9. O-O Nfxe4 10. Nxe4 Nxe4 11. f5 e5 12. Qh5 Qd7 13. Bg5 b5 14. Ne6 Bb7 15. Rad1 Rc8 16. f6 g6 17. Qg4 d5 18. Bxd5 Bxd5 19. Rxd5 Qxd5 20. Ng7+ Kd8 21. Rd1 Bc5+ 22. Kf1 Bd4 23. c3 Nf2 24. Rxd4 exd4 25. Kxf2 d3 26. Be3 Rc6 27. Ke1 h5 28. Qf4 Kc8 29. a4 Rc4 30. Bd4 Rxa4 31. Kd2 Rd8 32. Kxd3 Qxg2 33. Qe5 Qd5 34. Qe3 Qc4+ 35. Kc2 Rxd4 0-1

[Event "8th RTU Open 2018"]
[Site "Riga"]
[Date "2018.08.12"]
[Round "9"]
[White "Kerem, Halil Ozgun"]
[Black "Rietze, Clemens"]
[Result "1/2-1/2"]
[ECO "A06"]
[WhiteElo "2194"]
[BlackElo "2339"]
[Annotator "NA"]
[PlyCount "36"]
[EventDate "2018.08.06"]
[EventType "swiss"]
[EventCountry "LAT"]
[SourceTitle "playchess.com"]
[Source "ChessBase"]
[SourceQuality "1"]
[TimeControl "5400+30"]

1. Nf3 d5 2. g3 Bg4 3. Bg2 Nd7 4. d4 e6 5. O-O Bd6 6. Nbd2 f5 7. c4 c6 8. b3 Nh6 9. Bb2 Qf6 10. a3 O-O 11. e3 Nf7 12. b4 b5 13. c5 Bc7 14. a4 a6 15. axb5 axb5 16. Qb3 Kh8 17. Ra3 Bxf3 18. Nxf3 e5 1/2-1/2

[Event "8th RTU Open 2018"]
[Site "Riga"]
[Date "2018.08.12"]
[Round "9"]
[White "Pavlov, Sergey"]
[Black "Lagunow, Raphael"]
[Result "1/2-1/2"]
[ECO "D04"]
[WhiteElo "2003"]
[BlackElo "2404"]
[Annotator "NA"]
[PlyCount "37"]
[EventDate "2018.08.06"]
[EventType "swiss"]
[EventCountry "LAT"]
[SourceTitle "playchess.com"]
[Source "ChessBase"]
[SourceQuality "1"]
[TimeControl "5400+30"]

1. d4 Nf6 2. Nf3 d5 3. e3 c5 4. dxc5 e6 5. a3 Bxc5 6. b4 Bd6 7. Bb2 O-O 8. Nbd2 a5 9. b5 Nbd7 10. c4 a4 11. Bd3 Nc5 12. Bc2 Bd7 13. Qb1 Be7 14. O-O dxc4 15. Nxc4 Bxb5 16. Rd1 Bd7 17. Bd4 Qe8 18. Nb6 Rd8 19. Nxd7 1/2-1/2